 Dungeon Crawl Stone Soup version 0.23-a0-183-gf37f6fb (webtiles) character file.

1467 mandick the Shield-Bearer (level 8, -16/67 HPs)
             Began as a Gnoll Fighter on Sept 22, 2018.
             Demolished by an ogre
             ... wielding a +0 giant spiked club
              (21 damage)
             ... on level 6 of the Dungeon on Sept 23, 2018.
             The game lasted 00:25:42 (5736 turns).

mandick the Shield-Bearer (Gnoll Fighter)           Turns: 5736, Time: 00:25:43

Health: -16/67     AC: 10    Str: 21    XL:     8   Next: 77%
Magic:  13/13      EV: 10    Int: 10    God:
Gold:   262        SH: 11    Dex: 15    Spells: 14/14 levels left

rFire    + . .     SeeInvis .   A - +2 dagger (venom)
rCold    + . .     Gourm    .   c - +0 shield
rNeg     + . .     Faith    .   b - +0 scale mail
rPois    .         Spirit   .   (no helmet)
rElec    .         Reflect  .   l - scarf {rC+ rF+}
rCorr    .         Harm     .   n - +1 pair of gloves
MR       .....                  (no boots)
Stlth    +.........             (no amulet)
HPRegen  0.21/turn              x - ring of positive energy
MPRegen  0.13/turn              (no ring)

@: no status effects
A: distributed training, fangs 1, strong nose
a: no special abilities


You were on level 6 of the Dungeon.
You were not hungry.

You visited 1 branch of the dungeon, and saw 6 of its levels.
You also visited: Sewer.

You collected 262 gold pieces.

Inventory:

Hand Weapons
 a - a +0 war axe
 p - a +2 dagger of draining
 r - a +0 hunting sling
 A - a +2 dagger of venom (weapon)
 G - a +0 whip of freezing
Missiles
 s - 62 sling bullets
 y - 4 tomahawks (quivered)
Armour
 b - a +0 scale mail (worn)
 c - a +0 shield (worn)
 l - a scarf of resistance (worn)
 n - a +1 pair of gloves (worn)
 o - a +0 ring mail
 H - a +2 robe of cold resistance
Magical Staves
 I - an uncursed staff of wizardry
Jewellery
 x - a ring of positive energy (left hand)
Wands
 j - a wand of scattershot (6)
Scrolls
 h - 3 scrolls of random uselessness {unknown}
 i - 3 scrolls of amnesia
 k - 2 scrolls of blinking {unknown}
 t - 2 scrolls of magic mapping {unknown}
 u - 3 scrolls of immolation {unknown}
 v - a scroll of fog
 w - 3 scrolls of enchant armour {unknown}
 C - 3 scrolls of teleportation {unknown}
 D - 3 scrolls of fear {unknown}
 J - a scroll of enchant weapon {unknown}
 K - a scroll of identify
Potions
 d - a potion of might
 e - 2 potions of curing
 g - 2 potions of brilliance
 m - 2 potions of haste
 q - 5 potions of heal wounds
 z - a potion of mutation
 B - a potion of flight {unknown}
 E - a potion of invisibility {unknown}
 F - 2 potions of agility
Comestibles
 f - 13 rations
 L - a chunk of flesh


   Skills:
 + Level 7.5 Fighting
 + Level 3.5 Short Blades
 + Level 3.5 Long Blades
 + Level 5.8 Axes
 + Level 3.5 Maces & Flails
 + Level 3.5 Polearms
 + Level 3.5 Staves
 + Level 3.5 Slings
 + Level 3.5 Bows
 + Level 3.5 Crossbows
 + Level 3.5 Throwing
 + Level 7.5 Armour
 + Level 3.5 Dodging
 + Level 3.5 Stealth
 + Level 7.5 Shields
 + Level 3.5 Unarmed Combat
 + Level 3.5 Spellcasting
 + Level 2.8 Conjurations
 + Level 2.8 Hexes
 + Level 2.8 Charms
 + Level 2.8 Summonings
 + Level 2.8 Necromancy
 + Level 2.8 Translocations
 + Level 2.8 Transmutations
 + Level 2.8 Fire Magic
 + Level 2.8 Ice Magic
 + Level 2.8 Air Magic
 + Level 2.8 Earth Magic
 + Level 2.8 Poison Magic
 + Level 3.8 Invocations
 + Level 3.5 Evocations


You had 14 spell levels left.
You didn't know any spells.
Your spell library was empty.

Dungeon Overview and Level Annotations

Branches:
Dungeon (6/15)
 Temple: D:4-7

Altars:
Wu Jian


Innate Abilities, Weirdness & Mutations

Your experience applies equally to all skills.
You have very sharp teeth.
Your uncanny sense of smell can sniff out nearby items.


Message History

You open the door. You block the ogre's attack.
There is an open door here.
Found an escape hatch in the ceiling.
An adder comes into view.
The adder hisses angrily.
The adder bites you but does no damage.
You hit the adder.
The adder is poisoned.
You bite the adder.
The adder is severely wounded.
The adder closely misses you.
You hit the adder.
You kill the adder!
The ogre hits you with a giant spiked club!!
* * * LOW HITPOINT WARNING * * *
The orc priest calls down the wrath of Beogh upon you.
Beogh smites you!
* * * LOW HITPOINT WARNING * * *
There is an escape hatch in the ceiling here.
The ogre hits you with a giant spiked club!!
You die...

..........##.......#...
#...
..........##.......#
#.. ####
..........##......##
...P
..........##......# ...
############....oK####
.P ####### #.........#
......# #.......#.#.#
....#.### #...gO......#
....#...# #....@.##.###
#######.# #......+ .# #
#.# #......# #######.#
#.###### ........#....
.........#.##
###.....#.... #
#........## #
#######....


You could see a big kobold, an ogre, an orc priest and a hobgoblin.

Vanquished Creatures
  Pikel (D:5)
  An ice beast (D:5)
  A wyvern skeleton (D:6)
  A scorpion (D:5)
  A crimson imp (D:5)
  A bullfrog zombie (D:5)
  A centaur zombie (D:6)
  2 orc wizards (D:4)
  A gnoll shaman (D:5)
  An orc priest (D:6)
  A hound (D:6)
  A bullfrog skeleton (D:6)
  An iguana (D:4)
  3 worker ants
  2 howler monkey skeletons
  A worker ant zombie (D:5)
  10 gnolls
  14 adders
  4 river rats (D:4)
  3 shadow imps
  3 oozes
  3 worms (D:4)
  3 dart slugs
  3 leopard geckos
  12 orcs
  2 ball pythons
  4 giant cockroaches
  13 goblins
  7 hobgoblins
  14 jackals
  2 quokkas
  11 bats
  11 frilled lizards
  13 kobolds
  A leopard gecko skeleton (D:6)
  A leopard gecko zombie (D:6)
  9 rats
  4 plants (Sewer)
167 creatures vanquished.

Vanquished Creatures (others)
  A slave (D:5)
  A gnoll (D:5)
2 creatures vanquished.

Grand Total: 169 creatures vanquished

Notes
Turn   | Place    | Note
-------+----------+-------------------------------------------
     0 | D:1      | mandick the Gnoll Fighter began the quest for the Orb.
     0 | D:1      | Reached XP level 1. HP: 23/23 MP: 1/1
    81 | D:1      | Reached XP level 2. HP: 29/29 MP: 2/2
   252 | D:1      | Reached XP level 3. HP: 9/35 MP: 3/3
   649 | D:1      | Reached skill level 1 in Invocations
  1227 | D:2      | Reached skill level 1 in Short Blades
  1227 | D:2      | Reached skill level 1 in Long Blades
  1227 | D:2      | Reached skill level 1 in Maces & Flails
  1227 | D:2      | Reached skill level 1 in Polearms
  1227 | D:2      | Reached skill level 1 in Staves
  1227 | D:2      | Reached skill level 1 in Slings
  1227 | D:2      | Reached skill level 1 in Bows
  1227 | D:2      | Reached skill level 1 in Crossbows
  1227 | D:2      | Reached skill level 1 in Throwing
  1227 | D:2      | Reached skill level 1 in Dodging
  1227 | D:2      | Reached skill level 1 in Stealth
  1227 | D:2      | Reached skill level 1 in Unarmed Combat
  1227 | D:2      | Reached skill level 1 in Spellcasting
  1227 | D:2      | Reached skill level 1 in Evocations
  1229 | D:2      | Reached XP level 4. HP: 40/41 MP: 5/5
  1746 | D:3      | Reached skill level 1 in Conjurations
  1746 | D:3      | Reached skill level 1 in Hexes
  1746 | D:3      | Reached skill level 1 in Charms
  1746 | D:3      | Reached skill level 1 in Summonings
  1746 | D:3      | Reached skill level 1 in Necromancy
  1746 | D:3      | Reached skill level 1 in Translocations
  1746 | D:3      | Reached skill level 1 in Transmutations
  1746 | D:3      | Reached skill level 1 in Fire Magic
  1746 | D:3      | Reached skill level 1 in Ice Magic
  1746 | D:3      | Reached skill level 1 in Air Magic
  1746 | D:3      | Reached skill level 1 in Earth Magic
  1746 | D:3      | Reached skill level 1 in Poison Magic
  1800 | D:3      | Reached XP level 5. HP: 41/47 MP: 6/6
  2487 | D:3      | Reached XP level 6. HP: 40/53 MP: 8/8
  2759 | D:4      | Reached skill level 5 in Axes
  3041 | D:4      | Found a glowing drain.
  3051 | Sewer    | Entered a sewer
  4045 | D:4      | Reached XP level 7. HP: 59/59 MP: 10/10
  4355 | D:5      | Entered Level 5 of the Dungeon
  4534 | D:5      | Noticed Pikel
  4557 | D:5      | Killed Pikel
  4557 | D:5      | Reached XP level 8. HP: 35/67 MP: 10/12
  5507 | D:6      | Found an ornate altar of the Wu Jian Council.
  5736 | D:6      | Demolished by an ogre

Vault maps used:
D:1:      roderic_dead_forest, hangedman_glass_teeth
D:4:      first_ration, lightli_sewer_entry_pipes, kennysheep_generic_room_13
D:5:      uniq_pikel
D:6:      kennysheep_housing_project, minmay_temple_entry_large_hall,
          basic_altar
Sewer:    sewer_co_scattered_pipes

Skill      XL: |  1  2  3  4  5  6  7 |
---------------+----------------------+-----
Invocations    | 1 2 3 |  3.8
Short Blades   | 1 2 3 |  3.5
Long Blades    | 1 2 3 |  3.5
Maces & Flails | 1 2 3 |  3.5
Polearms       | 1 2 3 |  3.5
Staves         | 1 2 3 |  3.5
Slings         | 1 2 3 |  3.5
Bows           | 1 2 3 |  3.5
Crossbows      | 1 2 3 |  3.5
Throwing       | 1 2 3 |  3.5
Dodging        | 1 2 3 |  3.5
Stealth        | 1 2 3 |  3.5
Unarmed Combat | 1 2 3 |  3.5
Spellcasting   | 1 2 3 |  3.5
Evocations     | 1 2 3 |  3.5
Conjurations   | 1 2 |  2.8
Hexes          | 1 2 |  2.8
Charms         | 1 2 |  2.8
Summonings     | 1 2 |  2.8
Necromancy     | 1 2 |  2.8
Translocations | 1 2 |  2.8
Transmutations | 1 2 |  2.8
Fire Magic     | 1 2 |  2.8
Ice Magic      | 1 2 |  2.8
Air Magic      | 1 2 |  2.8
Earth Magic    | 1 2 |  2.8
Poison Magic   | 1 2 |  2.8
Axes           | 5 |  5.8
Fighting       | 7 |  7.5
Armour         | 7 |  7.5
Shields        | 7 |  7.5

Action                   |  1- 3 |  4- 6 |  7- 9 || total
-------------------------+-------+-------+-------++-------
Melee: War axe           |    83 |   373 |    16 ||   472
       Bite              |     9 |    46 |    31 ||    86
       Dagger            |       |       |   196 ||   196
Evoke: Wand              |       |       |     1 ||     1
  Use: Scroll            |       |     5 |     4 ||     9
       Potion            |       |       |     2 ||     2
  Eat: Chunk             |     1 |    11 |     5 ||    17
Armor: Scale mail        |    43 |    90 |    42 ||   175
Dodge: Dodged            |    26 |   117 |    46 ||   189
Block: Shield            |    64 |   185 |   111 ||   360

Table legend:
 A = Non-vault XP
 B = Vault XP
 C = Vault XP percentage of total XP
 D = Non-vault monster count
 E = Vault monster count
 F = Vault count percentage of total count
                 A         B        C        D         E       F
            +---------+---------+-------+---------+---------+-------
      Total |    1242 |     854 |  40.7 |     122 |      41 |  25.2
            +---------+---------+-------+---------+---------+-------
        D:1 |      61 |       0 |   0.0 |      31 |       0 |   0.0
        D:2 |      61 |       0 |   0.0 |      15 |       0 |   0.0
        D:3 |     236 |       0 |   0.0 |      40 |       0 |   0.0
        D:4 |     203 |      92 |  31.2 |      13 |      11 |  45.8
        D:5 |     460 |     617 |  57.3 |      14 |       1 |   6.7
        D:6 |     221 |      90 |  28.9 |       9 |       7 |  43.8
      Sewer |       0 |      55 | 100.0 |       0 |      22 | 100.0
            +---------+---------+-------+---------+---------+-------
